 Dungeon Crawl Stone Soup version 0.23-a0-730-g0b75920 (console) character file.

145 Voker57 the Slasher (level 5, 0/41 HPs)
             Began as a Demonspawn Gladiator on Jan 17, 2019.
             Killed from afar by an orc wizard (8 damage)
             ... with a magic dart
             ... on level 3 of the Dungeon.
             The game lasted 00:02:16 (2081 turns).

Voker57 the Slasher (Demonspawn Gladiator)          Turns: 2081, Time: 00:02:16

Health: 0/41       AC:  4    Str: 14    XL:     5   Next: 6%
Magic:  0/5        EV:  8    Int: 15    God:
Gold:   141        SH: 17    Dex: 15    Spells: 4/4 levels left

rFire    . . .     SeeInvis .   a - +0 long sword
rCold    . . .     Gourm    .   q - +0 large shield
rNeg     . . .     Faith    .   b - +0 leather armour
rPois    .         Spirit   +   c - +0 helmet
rElec    .         Reflect  .   (no cloak)
rCorr    .         Harm     .   (no gloves)
MR       .....                  (no boots)
Stlth    +.........             (no amulet)
HPRegen  0.13/turn              (no ring)
MPRegen  0.09/turn              (no ring)

@: brilliant, slowed, very slow
A: large bone plates 2, magic shield
a: no special abilities


You were on level 3 of the Dungeon.
You were not hungry.

You visited 1 branch of the dungeon, and saw 3 of its levels.

You collected 141 gold pieces.

Inventory:

Hand Weapons
 a - a +0 long sword (weapon)
Armour
 b - a +0 leather armour (worn)
 c - a +0 helmet (worn)
 q - a +0 large shield (worn)
Scrolls
 e - a scroll of enchant armour {unknown}
 g - 4 scrolls of identify {unknown}
 h - 3 scrolls of teleportation {unknown}
 i - 2 scrolls of remove curse {unknown}
 j - 2 scrolls of amnesia {unknown}
 k - 2 scrolls of fog {unknown}
 l - 2 scrolls of random uselessness {unknown}
Potions
 n - a potion of lignification {unknown}
 o - a potion of agility {unknown}
 p - 2 potions of curing {unknown}
Comestibles
 f - 3 rations
 r - 9 chunks of flesh


   Skills:
 + Level 3.1 Fighting
 - Level 4.1 Long Blades
 - Level 1.7 Throwing
 - Level 3.4 Dodging
 * Level 0.7 Shields


You had 4 spell levels left.
You didn't know any spells.
Your spell library was empty.

Dungeon Overview and Level Annotations

Branches:
Dungeon (3/15)

Altars:


Innate Abilities, Weirdness & Mutations

You are mostly covered in large bone plates. (SH +6)
When hurt, damage is shared between your health and your magic reserves.


Message History

You block the orc wizard's attack.
The orc wizard hits you with a +0 dagger.
The orc wizard points at you and mumbles some strange words.
The magic dart hits you!
The orc wizard gestures at you while chanting.
The magic dart hits you! The orc hits you.
* * * LOW HITPOINT WARNING * * *
The orc wizard hits you but does no damage.
It was a potion of brilliance.
You feel clever all of a sudden.
The orc wizard hits you but does no damage.
You block the orc wizard's attack. You block the orc's attack.
The orc wizard hits you but does no damage.
The orc hits you but does no damage.
The orc wizard points at you and mumbles some strange words.
The magic dart hits you!
* * * LOW HITPOINT WARNING * * *
The orc wizard points at you and mumbles some strange words.
The magic dart hits you!
You die...

... ... #.# ... #.# ...
#.## ... ... .. #.. ...
#.# ## #(# #o#
######@### #....oo..#
#........##############
#........'.............
#........##############
####......##...........
#...
#..'......+..##########
#.... #.##..(...#..#
...#
#.##......#..##########
#..#
#.##......#..#......)).


You could see 2 orc wizards and an orc.

Vanquished Creatures
  A worker ant (D:2)
  2 adders
  A worm (D:2)
  7 dart slugs
  3 leopard geckos (D:1)
  7 orcs (D:3)
  2 ball pythons (D:1)
  A giant cockroach (D:3)
  6 goblins
  12 hobgoblins
  A jackal (D:1)
  9 kobolds
  A quokka (D:3)
  9 bats
  3 frilled lizards
  10 rats
75 creatures vanquished.

Notes
Turn   | Place    | Note
-------+----------+-------------------------------------------
     0 | D:1      | Voker57 the Demonspawn Gladiator began the quest for the
                  | Orb.
     0 | D:1      | Reached XP level 1. HP: 16/16 MP: 1/1
   103 | D:1      | Reached skill level 3 in Long Blades
   103 | D:1      | Gained mutation: You are partially covered in large bone
                  | plates. (SH +4) [demonic ancestry]
   103 | D:1      | Reached XP level 2. HP: 21/22 MP: 2/2
   173 | D:1      | Reached XP level 3. HP: 8/28 MP: 3/3
   846 | D:2      | Gained mutation: When hurt, damage is shared between your
                  | health and your magic reserves. [demonic ancestry]
   846 | D:2      | Reached XP level 4. HP: 17/34 MP: 4/4
  1671 | D:3      | Reached skill level 4 in Long Blades
  1969 | D:3      | Gained mutation: You are mostly covered in large bone
                  | plates. (SH +6) [demonic ancestry]
  1969 | D:3      | Reached XP level 5. HP: 27/41 MP: 3/5
  2081 | D:3      | Killed from afar by an orc wizard

Vault maps used:
D:1:      dpeg_arrival_tiny_i, minmay_split_cup_large
D:2:      first_ration, roderic_lattice_a
D:3:      elyvilon_altar_5, lemuel_doored_altar, uniq_sigmund, uniq_terence,
          uniq_crazy_yiuf_cottage

Skill      XL: |  1  2  3  4 |
---------------+-------------+-----
Long Blades    | 3 4 |  4.1
Dodging        | 3 |  3.4
Fighting       | 3 |  3.1
Throwing       | |  1.7
Shields        | |  0.7

Action                   |  1- 3 |  4- 6 || total
-------------------------+-------+-------++-------
Melee: Long sword        |    94 |   119 ||   213
Throw: Throwing net      |     1 |     3 ||     4
  Use: Potion            |       |     1 ||     1
 Stab: Held in net/web   |     1 |     3 ||     4
       Sleeping          |     1 |       ||     1
  Eat: Chunk             |       |     4 ||     4
Armor: Leather armour    |    30 |    22 ||    52
Dodge: Dodged            |    78 |    53 ||   131
Block: Other             |    19 |     9 ||    28
       Large shield      |       |    54 ||    54
       Rpst.: Long sword |    25 |    14 ||    39

Table legend:
 A = Non-vault XP
 B = Vault XP
 C = Vault XP percentage of total XP
 D = Non-vault monster count
 E = Vault monster count
 F = Vault count percentage of total count
                 A         B        C        D         E       F
            +---------+---------+-------+---------+---------+-------
      Total |     198 |      10 |   4.8 |      71 |       4 |   5.3
            +---------+---------+-------+---------+---------+-------
        D:1 |      60 |      10 |  14.3 |      29 |       4 |  12.1
        D:2 |      80 |       0 |   0.0 |      21 |       0 |   0.0
        D:3 |      58 |       0 |   0.0 |      21 |       0 |   0.0
            +---------+---------+-------+---------+---------+-------
